 Dungeon Crawl Stone Soup version 0.31.0-11-ge490571c62 (webtiles) character file.

Game seed: 15550640396519925082

59497 Ashen the Covert (level 14, -26/110 HPs)
             Began as a Gnoll Enchanter on Feb 8, 2024.
             Was a High Priest of Uskayaw.
             Killed from afar by an ogre mage (36 damage)
             ... with a bolt of magma
             ... on level 2 of the Orcish Mines.
             The game lasted 01:07:49 (22223 turns).

Ashen the Covert (Gnoll Enchanter)                 Turns: 22223, Time: 01:08:00

Health: -26/110    AC: 11    Str:  7    XL:     14   Next: 95%
Magic:  5/29       EV: 18    Int: 15    God:    Uskayaw [*****.]
Gold:   1460       SH:  0    Dex: 18    Spells: 2/35 levels left

rFire   . . .        s - +1 dagger (elec)
rCold   . . .        (no shield)
rNeg    . . .        X - +0 troll leather armour
rPois   .            j - +0 helmet
rElec   .            K - +0 cloak {rCorr}
rCorr   +            M - +1 pair of gloves
SInv    +            L - +0 pair of boots
Will    ++...        Y - amulet of faith
Stlth   +++++        N - ring of see invisible
HPRegen 1.18/turn    o - ring of willpower
MPRegen 0.21/turn

%: faith
@: lethally poisoned (-26 -> -26), weakened
A: fangs 1, strong nose, distributed training
a: Renounce Religion, Stomp, Line Pass, Grand Finale


You were on level 2 of the Orcish Mines.
You worshipped Uskayaw.
Uskayaw was aware of your devotion.
You visited 4 branches of the dungeon, and saw 19 of its levels.
You also visited: Volcano.

You collected 1888 gold pieces.
You spent 428 gold pieces at shops.

Inventory:

Hand Weapons
 s - a +1 dagger of electrocution (weapon)
 G - a +4 scimitar of flaming
 H - a +1 dagger of speed
Missiles
 A - 9 poisoned darts (quivered)
 V - 5 throwing nets
Armour
 j - a +0 helmet (worn)
 K - a +0 cloak of preservation (worn)
 L - a +0 pair of boots (worn)
 M - a +1 pair of gloves (worn)
 X - a +0 troll leather armour (worn)
Jewellery
 o - a ring of willpower (right hand)
 y - a ring of poison resistance
 N - a ring of see invisible (left hand)
 Y - an amulet of faith (around neck)
Wands
 n - a wand of flame (4)
 r - a wand of paralysis (21)
 D - a wand of digging (5)
 J - a wand of polymorph (24)
 O - a wand of quicksilver (9)
Scrolls
 b - 4 scrolls of vulnerability
 f - 6 scrolls of blinking
 g - 6 scrolls of poison
 h - 6 scrolls of teleportation
 k - a scroll of enchant weapon
 l - 3 scrolls of brand weapon
 m - 3 scrolls of enchant armour
 w - 2 scrolls of noise
 C - a scroll of fear
 E - 2 scrolls of fog
 F - 4 scrolls of immolation
 I - 3 scrolls of torment
 Q - 3 scrolls of revelation
 U - a scroll of butterflies
Potions
 a - 2 potions of heal wounds
 c - a potion of invisibility
 d - a potion of ambrosia
 e - 4 potions of curing
 i - 6 potions of lignification
 p - 4 potions of haste
 q - 2 potions of mutation
 t - 2 potions of brilliance
 u - 2 potions of enlightenment
 x - 3 potions of resistance
 z - a potion of cancellation
 P - 2 potions of attraction
 S - a potion of magic
 T - 2 potions of berserk rage
 W - 2 potions of might


   Skills:
 + Level 10.0 Fighting
 + Level 10.3 Short Blades
 + Level 10.0 Long Blades
 + Level 10.0 Axes
 + Level 10.0 Maces & Flails
 + Level 10.0 Polearms
 + Level 10.0 Staves
 + Level 10.0 Ranged Weapons
 + Level 10.0 Throwing
 + Level 10.0 Armour
 + Level 11.0 Dodging
 + Level 11.6 Stealth
 + Level 10.0 Shields
 + Level 10.0 Unarmed Combat
 + Level 11.2 Spellcasting
 + Level 8.4 Conjurations
 + Level 10.0 Hexes
 + Level 8.4 Summonings
 + Level 8.4 Necromancy
 + Level 8.4 Translocations
 + Level 8.4 Fire Magic
 + Level 8.4 Ice Magic
 + Level 8.4 Air Magic
 + Level 8.4 Earth Magic
 + Level 8.4 Alchemy
 + Level 10.9 Invocations
 + Level 10.0 Evocations
 + Level 9.2 Shapeshifting


You had 2 spell levels left.
You knew the following spells:

 Your Spells              Type           Power      Damage    Failure   Level
a - Ensorcelled Hibernat  Hex/Ice        72%        N/A       1%          2
b - Confusing Touch       Hex            38%        N/A       1%          3
c - Tukima's Dance        Hex            38%        N/A       1%          3
d - Dazzling Flash        Conj/Hex       72%        N/A       1%          3
e - Cause Fear            Hex            19%        N/A       1%          4
f - Yara's Violent Unrav  Hex/Alch       18%        3d9       8%          5
g - Haunt                 Necr/Summ      16%        N/A       97%         7
h - Vhi's Electric Charg  Tloc/Air       66%        N/A       3%          4
i - Blink                 Tloc           66%        N/A       1%          2

Your spell library contained the following spells:

 Spells                   Type           Power      Damage    Failure   Level
 Necrotise                Necr           100%       1d9       1%          1
 Sandblast                Erth           66%        2d15      1%          1
 Shock                    Conj/Air       100%       1d9       1%          1
 Summon Small Mammal      Summ           100%       N/A       1%          1
 Lesser Beckoning         Tloc           66%        N/A       1%          2
 Momentum Strike          Conj/Tloc      66%        3d9       1%          2
 Call Canine Familiar     Summ           33%        N/A       1%          3
 Fugue of the Fallen      Necr           33%        N/A       1%          3
 Gell's Gravitas          Tloc           33%        N/A       1%          3
 Passwall                 Erth           33%        N/A       1%          3
 Sigil of Binding         Hex            38%        N/A       1%          3
 Stone Arrow              Conj/Erth      66%        3d11      1%          3
 Swiftness                Air            33%        N/A       1%          3
 Teleport Other           Tloc           33%        N/A       1%          3
 Vampiric Draining        Necr           33%        2d8       1%          3
 Volatile Blastmotes      Fire/Tloc      66%        2d15      1%          3
 Dimensional Bullseye     Hex/Tloc       18%        N/A       2%          4
 Airstrike                Air            16%        2d(3-19)  3%          4
 Animate Dead             Necr           33%        N/A       3%          4
 Brom's Barrelling Bould  Conj/Erth      33%        2d5       3%          4
 Martyr's Knell           Necr/Summ      33%        N/A       3%          4
 Passage of Golubria      Tloc           33%        N/A       3%          4
 Summon Blazeheart Golem  Fire/Summ      33%        N/A       3%          4
 Arcjolt                  Conj/Air       16%        1d26      11%         5
 Curse of Agony           Necr           33%        N/A       11%         5
 Fireball                 Conj/Fire      16%        3d8       11%         5
 Summon Forest            Summ/Tloc      16%        N/A       11%         5
 Death Channel            Necr           16%        N/A       50%         6
 Dispersal                Tloc           16%        N/A       50%         6
 Eringya's Noxious Bog    Alch           16%        4d6       50%         6
 Starburst                Conj/Fire      16%        6d6       50%         6
 Summon Hydra             Summ           16%        N/A       97%         7
 Infestation              Necr           16%        N/A       100%        8
 Maxwell's Capacitive Co  Air            16%        ∞         100%        8
 Dragon's Call            Summ           16%        N/A       100%        9


Dungeon Overview and Level Annotations

Branches:
Dungeon (11/15)            Temple (1/1) D:6            Lair (5/5) D:11
 Shoals (0/4) Lair:2       Spider (0/4) Lair:2        Slime (0/5) Lair:4
    Orc (2/2) D:11            Elf (0/3) Orc:2       Volcano (visited)

Altars:
Ashenzari
Cheibriados
Dithmenos
Elyvilon
Fedhas
Gozag
Hepliaklqana
Kikubaaqudgha
Makhleb
Nemelex Xobeh
Okawaru
Qazlal
Ru
Sif Muna
Trog
Uskayaw
Vehumet
Wu Jian
Xom
Yredelemnul
Zin
The Shining One

Shops:
D:5 ?   D:8 ?

Annotations:
D:3 Robin
D:6 2 transporters
D:9 3 runed translucent doors, Killmatronix's ghost, journeyman SpBe
D:11 exclusions: oklob plant and oklob sapling
Lair:1 1 runed translucent door, lDtest's ghost, journeyman DsCA
Lair:4 2 runed translucent doors, JaaP's ghost, journeyman DjFE


Innate Abilities, Weirdness & Mutations

You have very sharp teeth.
Your uncanny sense of smell can sniff out nearby items.
Your experience applies equally to all skills.


Message History

The orc wizard gestures at you while chanting.
The magic dart hits you but does no damage.
The orange demon misses you. The orange demon hits you.
The ogre mage gestures at you while chanting.
The bolt of magma hits the orc!!
The orc dies!
The bolt of magma hits you!!
You hit the orc sorcerer but do no damage.
You bite the orc sorcerer, but do no damage.
The orc sorcerer is almost dead.
You feel sick.
The orange demon is no longer sharing its pain.
You hit the orc sorcerer but do no damage.
Lightning courses through the orc sorcerer!!
You kill the orc sorcerer!
The orange demon disappears in a puff of smoke!
You feel sick.
An orc sorcerer comes into view. It is wielding a +0 dagger.
The orc wizard misses you. The ogre mage casts a spell at you.
The bolt of magma hits you!!
* * * LOW HITPOINT WARNING * * *
The ogre mage casts a spell at the ogre mage.
The ogre mage seems to speed up.
You hear a shout! x2
As you read the scroll of fear, it crumbles to dust.
You assume a fearsome visage.
The ogre mage looks frightened!
The ogre mage resists with some effort.
The orc wizard looks frightened!
The orc sorcerer resists with almost no effort.
You feel sick.
The ogre mage is no longer sharing its pain.
The orc wizard mumbles some strange words.
The orc wizard flickers and vanishes for a moment.
As you read the scroll of fear, it crumbles to dust.
You assume a fearsome visage.
The ogre mage easily resists.
The orc sorcerer looks frightened!
You feel sick.
The orc wizard is no longer sharing its pain.
The ogre mage casts a spell at you. The bolt of magma hits you!!!
You die...

#≈.... ## 8o..#..§≈
#≈...####≈ ...#..§#
#§§...≈≈§≈ ..'..≈#
.#≈§......§ .'..≈#
.8#≈..8..... O..≈#
...#≈..))....
#.O≈##...#≈..).≈≈≈≈
#.)≈§...8#≈..)####≈
##o@).....#≈......##
##...)..≈≈≈#≈§.......
##...)..#####≈...≈§≈..
##.......#####≈..#####.
#≈.8...))#..≈≈≈...≈≈≈..
#≈.#...))).............
#§§#_....#.8.§.......##
## ###8..+§§.§≈≈§§8###
≈§§.##...§≈≈§≈≈≈≈#


You could see 2 ogre magi, an orc sorcerer (fleeing) and an orc wizard
(invisible, fleeing).

Vanquished Creatures
  Erolcha (D:9)
  An ogre mage (Orc:2)
  A centaur warrior (Volcano)
  3 hydras
  Erica (Lair:1)
  A boulder beetle (D:6)
  2 two-headed ogres
  2 hell hogs (Lair:5)
  An orc high priest (Orc:2)
  7 death yaks
  A hell knight (Volcano)
  A pharaoh ant (Lair:2)
  A skyshark (Lair:5)
  A lindwurm (Lair:5)
  Pikel (D:4)
  A wolf spider zombie (D:8)
  An oklob plant (Lair:4)
  A cyclops (D:11)
  5 orc sorcerers (Orc:2)
  Maurice (Orc:1)
  5 elephants
  2 centaur zombies (D:8)
  4 black mambas
  Joseph (D:8)
  5 kobold blastminers
  4 molten gargoyles
  A torpor snail (Lair:5)
  Maggie (D:9)
  A gargoyle (D:9)
  A centaur skeleton (D:8)
  9 komodo dragons
  An unseen horror (D:10)
  A yaktaur (Volcano)
  12 cane toads
  Jeremiah (D:8)
  A rime drake (Lair:1)
  2 merfolk (Lair:2)
  A hellwing (D:7)
  5 trolls
  A tarantella (Lair:2)
  3 hornets
  4 blink frogs (Lair:3)
  A meliai zombie (D:8)
  9 dream sheep
  2 wraiths
  A shadow (D:10)
  A vampire (D:10)
  2 wyverns
  48 yaks
  8 steam dragons
  8 basilisks
  7 wargs
  Grum (D:9)
  3 vampire mosquitoes (D:11)
  3 hell hounds (Lair:5)
  11 water moccasins
  2 black bears
  3 ice beasts (D:6)
  17 orc warriors
  2 sky beasts (D:6)
  8 ogres
  12 wolves
  12 centaurs
  A kobold brigand (D:7)
  14 bullfrogs
  3 scorpions
  20 wights
  14 killer bees
  An electric eel (Lair:2)
  A howler monkey (D:4)
  7 lava snakes
  10 hounds
  6 orc priests
  Crazy Yiuf (D:6)
  A jelly (D:7)
  2 sleepcaps
  A gnoll bouda (D:6)
  Ijyb (D:3)
  Jessica (D:3)
  2 hell rats (D:11)
  An iguana (D:4)
  24 orc wizards
  16 adders
  6 shadow imps
  A white imp (D:5)
  A dart slug (D:5)
  2 ribbon worms
  43 orcs
  8 endoplasms
  4 giant cockroaches
  17 goblins
  19 hobgoblins
  7 jackals (D:3)
  2 quokkas
  15 ball pythons
  6 bats
  6 frilled lizards
  8 kobolds
  10 rats
543 creatures vanquished.

Vanquished Creatures (others)
  An orc (Orc:2)
1 creature vanquished.

Grand Total: 544 creatures vanquished

Notes
Turn   | Place    | Note
-------+----------+-------------------------------------------
     0 | D:1      | Ashen the Gnoll Enchanter began the quest for the Orb.
     0 | D:1      | Reached XP level 1. HP: 13/13 MP: 6/6
    22 | D:1      | Found a faded altar of an unknown god.
   173 | D:1      | Reached XP level 2. HP: 19/19 MP: 7/7
   182 | D:1      | Learned a level 2 spell: Ensorcelled Hibernation
   705 | D:1      | Reached skill level 5 in Spellcasting
   705 | D:1      | Reached XP level 3. HP: 25/25 MP: 7/9
  1289 | D:2      | Reached skill level 1 in Invocations
  1345 | D:2      | Reached skill level 1 in Fighting
  1345 | D:2      | Reached skill level 1 in Long Blades
  1345 | D:2      | Reached skill level 1 in Axes
  1345 | D:2      | Reached skill level 1 in Maces & Flails
  1345 | D:2      | Reached skill level 1 in Polearms
  1345 | D:2      | Reached skill level 1 in Staves
  1345 | D:2      | Reached skill level 1 in Ranged Weapons
  1345 | D:2      | Reached skill level 1 in Throwing
  1345 | D:2      | Reached skill level 1 in Armour
  1345 | D:2      | Reached skill level 1 in Shields
  1345 | D:2      | Reached skill level 1 in Unarmed Combat
  1345 | D:2      | Reached skill level 1 in Evocations
  1429 | D:2      | Reached skill level 1 in Shapeshifting
  1429 | D:2      | Reached XP level 4. HP: 30/32 MP: 8/11
  1729 | D:2      | Reached skill level 1 in Conjurations
  1729 | D:2      | Reached skill level 1 in Summonings
  1729 | D:2      | Reached skill level 1 in Necromancy
  1729 | D:2      | Reached skill level 1 in Translocations
  1729 | D:2      | Reached skill level 1 in Fire Magic
  1729 | D:2      | Reached skill level 1 in Ice Magic
  1729 | D:2      | Reached skill level 1 in Air Magic
  1729 | D:2      | Reached skill level 1 in Earth Magic
  1729 | D:2      | Reached skill level 1 in Alchemy
  1989 | D:3      | Noticed Robin
  2247 | D:3      | You fall into a shaft and drop 2 floors!
  2247 | D:5      | Entered Level 5 of the Dungeon
  2384 | D:4      | Reached XP level 5. HP: 33/37 MP: 7/12
  2645 | D:3      | Noticed Ijyb
  2692 | D:3      | Killed Ijyb
  2990 | D:3      | Reached XP level 6. HP: 34/44 MP: 13/13
  3193 | D:3      | Noticed Jessica
  3201 | D:3      | Killed Jessica
  3202 | D:3      | Reached skill level 5 in Dodging
  3218 | D:3      | Learned a level 3 spell: Confusing Touch
  3222 | D:3      | Learned a level 3 spell: Tukima's Dance
  3226 | D:3      | Learned a level 3 spell: Dazzling Flash
  3759 | D:4      | Noticed Pikel
  3790 | D:4      | Killed Pikel
  3791 | D:4      | Reached XP level 7. HP: 13/51 MP: 8/15
  3968 | D:4      | Reached XP level 8. HP: 52/58 MP: 6/16
  4543 | D:5      | Found a basalt altar of Yredelemnul.
  4798 | D:5      | Found The Oracle's Delphic Readings.
  4802 | D:5      | Bought a scroll of fog for 52 gold pieces
  4802 | D:5      | Bought a scroll of teleportation for 39 gold pieces
  4802 | D:5      | Bought a scroll of identify for 26 gold pieces
  4802 | D:5      | Bought a scroll of immolation for 52 gold pieces
  4802 | D:5      | Bought a scroll of identify for 26 gold pieces
  4807 | D:5      | Learned a level 4 spell: Cause Fear
  5695 | D:6      | Found a sparkling altar of Nemelex Xobeh.
  5698 | D:6      | Noticed a boulder beetle
  5703 | D:6      | Reached XP level 9. HP: 60/65 MP: 13/18
  5748 | D:6      | Killed a boulder beetle
  5749 | D:6      | Reached skill level 5 in Short Blades
  5950 | D:6      | Found a stormy altar of Qazlal.
  6000 | D:6      | Found a transporter.
  6098 | D:6      | Found a shimmering blue altar of Sif Muna.
  6137 | D:6      | Found a staircase to the Ecumenical Temple.
  6146 | Temple   | Entered the Ecumenical Temple
  6185 | Temple   | Became a worshipper of Uskayaw the Reveller
  6305 | D:6      | Found a blossoming altar of Fedhas.
  6481 | D:6      | Reached * piety under Uskayaw
  6482 | D:6      | Reached skill level 5 in Invocations
  6558 | D:6      | Reached ** piety under Uskayaw
  6766 | D:6      | Reached skill level 5 in Fighting
  6766 | D:6      | Reached skill level 5 in Long Blades
  6766 | D:6      | Reached skill level 5 in Axes
  6766 | D:6      | Reached skill level 5 in Maces & Flails
  6766 | D:6      | Reached skill level 5 in Polearms
  6766 | D:6      | Reached skill level 5 in Staves
  6766 | D:6      | Reached skill level 5 in Ranged Weapons
  6766 | D:6      | Reached skill level 5 in Throwing
  6766 | D:6      | Reached skill level 5 in Armour
  6766 | D:6      | Reached skill level 5 in Shields
  6766 | D:6      | Reached skill level 5 in Unarmed Combat
  6766 | D:6      | Reached skill level 5 in Evocations
  6771 | D:6      | Reached XP level 10. HP: 68/74 MP: 17/20
  6776 | D:6      | Reached *** piety under Uskayaw
  6777 | D:6      | Reached **** piety under Uskayaw
  6895 | D:6      | Found a runed translucent door.
  6896 | D:6      | Noticed Crazy Yiuf
  6902 | D:6      | Killed Crazy Yiuf
  7119 | D:6      | Found a transporter.
  8516 | D:7      | Found a hazy altar of Hepliaklqana.
  8648 | D:8      | Found Plog's Magic Scroll Shoppe.
  8653 | D:8      | Bought a scroll of blinking for 97 gold pieces
  8653 | D:8      | Bought a scroll of revelation for 97 gold pieces
  8653 | D:8      | Bought a scroll of teleportation for 39 gold pieces
  8676 | D:8      | Reached skill level 5 in Shapeshifting
  8682 | D:8      | Learned a level 5 spell: Yara's Violent Unravelling
  8723 | D:8      | Noticed Jeremiah
  8725 | D:8      | Killed Jeremiah
  8772 | D:8      | Noticed a two-headed ogre
  9432 | D:8      | Reached skill level 5 in Conjurations
  9432 | D:8      | Reached skill level 5 in Summonings
  9432 | D:8      | Reached skill level 5 in Necromancy
  9432 | D:8      | Reached skill level 5 in Translocations
  9432 | D:8      | Reached skill level 5 in Fire Magic
  9432 | D:8      | Reached skill level 5 in Ice Magic
  9432 | D:8      | Reached skill level 5 in Air Magic
  9432 | D:8      | Reached skill level 5 in Earth Magic
  9432 | D:8      | Reached skill level 5 in Alchemy
  9432 | D:8      | Reached XP level 11. HP: 81/81 MP: 18/22
  9461 | D:8      | Noticed Joseph
  9466 | D:8      | Killed Joseph
  9643 | D:8      | Found an ancient bone altar of Kikubaaqudgha.
  9736 | D:8      | Found an ornate altar of the Wu Jian Council.
  9804 | D:8      | Killed a two-headed ogre
  9981 | D:8      | Found a burning altar of Makhleb.
  9981 | D:8      | Noticed a green death
 10344 | D:9      | Noticed Erolcha
 10347 | D:9      | Killed Erolcha
 10404 | D:9      | Found a stormy altar of Qazlal.
 10642 | D:9      | Found a runed translucent gate.
 10642 | D:9      | Found a runed translucent gate.
 10643 | D:9      | Found a runed translucent gate.
 10644 | D:9      | Noticed Killmatronix's ghost (journeyman SpBe)
 10828 | D:9      | Found an opulent altar of Gozag.
 10960 | D:9      | Found an ancient bone altar of Kikubaaqudgha.
 10967 | D:9      | Noticed Maggie
 10972 | D:9      | Killed Maggie
 11223 | D:9      | Noticed Grum
 11237 | D:9      | Killed Grum
 11343 | D:9      | Reached XP level 12. HP: 77/91 MP: 14/24
 11670 | D:10     | Entered Level 10 of the Dungeon
 11731 | D:10     | Noticed a two-headed ogre
 11745 | D:10     | Killed a two-headed ogre
 12329 | D:10     | Learned a level 7 spell: Haunt
 12343 | D:11     | Noticed a death yak
 12350 | D:11     | Noticed a death yak
 12364 | D:10     | Killed a death yak
 12519 | D:11     | Found a staircase to the Orcish Mines.
 12713 | D:11     | Noticed a death yak
 12738 | D:10     | Killed a death yak
 12813 | D:11     | Found a staircase to the Lair.
 13087 | D:11     | Killed a death yak
 13397 | Lair:1   | Entered Level 1 of the Lair of Beasts
 13434 | Lair:1   | Noticed Erica
 13457 | Lair:1   | Killed Erica
 13677 | Lair:1   | Reached skill level 10 in Stealth
 13798 | Lair:1   | Found a runed translucent door.
 13809 | Lair:1   | Noticed lDtest's ghost (journeyman DsCA)
 13908 | Lair:1   | Reached ***** piety under Uskayaw
 14331 | Lair:2   | Noticed a five-headed hydra
 14337 | Lair:2   | Killed a five-headed hydra
 14382 | Lair:2   | Reached XP level 13. HP: 98/98 MP: 26/26
 14656 | Lair:2   | Found a hole to the Spider Nest.
 15140 | Lair:2   | Found a staircase to the Shoals.
 15511 | Lair:3   | Reached skill level 10 in Spellcasting
 16562 | Lair:4   | Found a runed translucent door.
 16563 | Lair:4   | Found a shimmering altar of Xom.
 16563 | Lair:4   | Noticed JaaP's ghost (journeyman DjFE)
 16572 | Lair:3   | Reached skill level 10 in Dodging
 16690 | Lair:4   | Found a dark tunnel.
 16702 | Volcano  | Entered a volcano
 16873 | Volcano  | Found a bloodstained altar of Trog.
 17518 | Lair:4   | You fall into a shaft and drop 1 floor!
 17518 | Lair:5   | Entered Level 5 of the Lair of Beasts
 17579 | Lair:4   | Reached skill level 10 in Invocations
 17579 | Lair:4   | Reached XP level 14. HP: 108/108 MP: 28/28
 17660 | Lair:4   | Found a runed translucent door.
 17661 | Lair:4   | Noticed an acid blob
 17663 | Lair:4   | Found a staircase to the Slime Pits.
 17780 | Lair:4   | Identified a scroll of acquirement
 17781 | Lair:4   | Acquired Sif Muna's Atlas of Feathers and Darkness
 17788 | Lair:4   | Learned a level 4 spell: Vhi's Electric Charge
 18656 | Lair:5   | Learned a level 2 spell: Blink
 19518 | Lair:5   | Found a large runed translucent door.
 19818 | Lair:5   | Reached skill level 10 in Short Blades
 19902 | Lair:5   | Found a large runed translucent door.
 20547 | Orc:1    | Entered Level 1 of the Orcish Mines
 21016 | Orc:1    | Noticed Maurice
 21020 | Orc:1    | Killed Maurice
 21288 | Orc:2    | Entered Level 2 of the Orcish Mines
 21744 | Orc:2    | Reached skill level 10 in Hexes
 21878 | Orc:2    | Found a staircase to the Elven Halls.
 22172 | Orc:2    | Found an ancient bone altar of Kikubaaqudgha.
 22188 | Orc:2    | Reached skill level 10 in Fighting
 22188 | Orc:2    | Reached skill level 10 in Long Blades
 22188 | Orc:2    | Reached skill level 10 in Axes
 22188 | Orc:2    | Reached skill level 10 in Maces & Flails
 22188 | Orc:2    | Reached skill level 10 in Polearms
 22188 | Orc:2    | Reached skill level 10 in Staves
 22188 | Orc:2    | Reached skill level 10 in Ranged Weapons
 22188 | Orc:2    | Reached skill level 10 in Throwing
 22188 | Orc:2    | Reached skill level 10 in Armour
 22188 | Orc:2    | Reached skill level 10 in Shields
 22188 | Orc:2    | Reached skill level 10 in Unarmed Combat
 22188 | Orc:2    | Reached skill level 10 in Evocations
 22223 | Orc:2    | Killed from afar by an ogre mage

Illustrated notes

Levels and vault maps discovered:
D:1:      minmay_arrival_three_doors, layout_loops_ring,
          nicolae_ecumenical_lake_church, dk_noncrumbling_4, serial_bayou_pond_a
D:2:      layout_basic, nicolae_the_louvre
D:3:      corexii_shack_village, layout_loops_ring, minmay_box_of_dots,
          uniq_ijyb, uniq_jessica, uniq_robin
D:4:      cheibrodos_greedy_goblins, layout_rooms, kennysheep_another_room,
          uniq_pikel
D:5:      kennysheep_steamy, layout_basic,
          mainiacjoe_overflow_concentric_impassable, nicolae_nh_oracle_at_delphi
D:6:      gammafunk_cloud_chamber, layout_loops_corners,
          nemelex_xobeh_ov_fountains_minmay, fedhas_bush_and_centaur_altar,
          nicolae_sif_muna_condensation, mainiacjoe_overflow_alcove_1,
          lemuel_temple_firewalk_a, corexii_checkpoint, minmay_joined_circles,
          uniq_crazy_yiuf_cottage
D:7:      layout_basic, nicolae_hepliaklqana_hippocampus
D:8:      cheibrodos_grave_circle, layout_loops_ring, kennysheep_mini,
          mainiacjoe_overflow_alcove_2, makhleb_altar_promises_db, serial_shops,
          shop, st_stairs_14, uniq_joseph, uniq_jeremiah
D:9:      layout_stronghold, grunt_gozag_statues, gammafunk_ghost_necromancy,
          hangedman_feature_mirror, kennysheep_generic_room_16, uniq_erolcha,
          uniq_grum, uniq_maggie
D:10:     layout_loops_cross, minivault_23
D:11:     layout_rooms, dpeg_lair_monsters, orc_0_dummy,
          introduction_to_nature_1
Temple:   minmay_temple_forest_path
Lair:1:   layout_roguey, ebering_ghost_inner_flame, lemuel_fruit_tree,
          uniq_erica
Lair:2:   layout_cellular_growth, mainiacjoe_shoals_entry_four_pools,
          nicolae_spider_entry_lesser_pyramids
Lair:3:   layout_cave_pods, grunt_megastairs_4
Lair:4:   layout_misc_corridors, slime_entry_2, ebering_ghost_xom,
          enter_volcano_1, serial_bayou_shore_b, lemuel_fruit_fields,
          lemuel_fruit_fields, infiniplex_staircase_pool
Lair:5:   cheibrodos_lair_end_hotspot, layout_gridlike, lemuel_another_geyser,
          uniq_kirke
Orc:1:    layout_diamond_mine, nooodl_orcs_dogs, uniq_maurice
Orc:2:    kennysheep_orc_mage_school, layout_diamond_mine, basic_altar

Skill      XL: |  1  2  3  4  5  6  7  8  9 10 11 12 13 14 |
---------------+-------------------------------------------+-----
Spellcasting   | 5 6 7 8 9 10 11 | 11.2
Stealth        | 6 7 8 9 10 11 | 11.6
Invocations    | 1 2 3 4 5 6 7 8 10 | 10.9
Fighting       | 1 2 3 5 6 7 8 9 10 | 10.0
Long Blades    | 1 2 3 5 6 7 8 9 10 | 10.0
Axes           | 1 2 3 5 6 7 8 9 10 | 10.0
Maces & Flails | 1 2 3 5 6 7 8 9 10 | 10.0
Polearms       | 1 2 3 5 6 7 8 9 10 | 10.0
Staves         | 1 2 3 5 6 7 8 9 10 | 10.0
Ranged Weapons | 1 2 3 5 6 7 8 9 10 | 10.0
Throwing       | 1 2 3 5 6 7 8 9 10 | 10.0
Armour         | 1 2 3 5 6 7 8 9 10 | 10.0
Shields        | 1 2 3 5 6 7 8 9 10 | 10.0
Unarmed Combat | 1 2 3 5 6 7 8 9 10 | 10.0
Evocations     | 1 2 3 5 6 7 8 9 10 | 10.0
Shapeshifting  | 1 2 3 4 5 6 7 8 9 |  9.2
Conjurations   | 1 2 3 4 5 6 7 8 |  8.4
Summonings     | 1 2 3 4 5 6 7 8 |  8.4
Necromancy     | 1 2 3 4 5 6 7 8 |  8.4
Translocations | 1 2 3 4 5 6 7 8 |  8.4
Fire Magic     | 1 2 3 4 5 6 7 8 |  8.4
Ice Magic      | 1 2 3 4 5 6 7 8 |  8.4
Air Magic      | 1 2 3 4 5 6 7 8 |  8.4
Earth Magic    | 1 2 3 4 5 6 7 8 |  8.4
Alchemy        | 1 2 3 4 5 6 7 8 |  8.4
Short Blades   | 3 4 5 6 7 8 9 10 | 10.3
Dodging        | 5 6 7 8 9 10 11 | 11.0
Hexes          | 6 7 8 9 10 | 10.0

Action                     |  1- 3 |  4- 6 |  7- 9 | 10-12 | 13-15 || total
---------------------------+-------+-------+-------+-------+-------++-------
  Melee: Dagger            |    88 |   183 |   114 |   427 |   546 ||  1358
         Bite              |     3 |    15 |    11 |    67 |    69 ||   165
         Punch             |       |     1 |       |       |    20 ||    21
  Throw: Dart              |       |       |       |    12 |    19 ||    31
   Cast: Ensorcelled Hiber |    15 |    51 |    33 |   106 |   208 ||   413
         Confusing Touch   |       |     1 |     2 |    34 |    10 ||    47
         Tukima's Dance    |       |       |     3 |     6 |     2 ||    11
         Dazzling Flash    |       |       |       |    28 |    51 ||    79
         Blink             |       |       |       |       |     3 ||     3
         Cause Fear        |       |       |       |       |     2 ||     2
    Use: Potion            |       |     1 |       |     3 |     2 ||     6
         Scroll            |       |       |       |    15 |    14 ||    29
   Stab: Sleeping          |    18 |    46 |    34 |    88 |   116 ||   302
         Distracted        |       |     1 |     1 |     2 |     2 ||     6
         Confused          |       |     1 |     1 |    26 |    12 ||    40
         Invisible         |       |       |       |    21 |    36 ||    57
         Paralysed         |       |       |       |    14 |    30 ||    44
 Armour: Robe              |    13 |       |       |       |       ||    13
         Leather armour    |    19 |   117 |    17 |       |     4 ||   157
         Steam dragon scal |       |       |    23 |   155 |       ||   178
         Troll leather arm |       |       |       |    34 |   292 ||   326
         Skin              |       |       |       |       |     1 ||     1
  Dodge: Dodged            |    56 |   158 |    60 |   261 |   395 ||   930
  Block: Buckler           |       |     5 |    16 |   102 |    34 ||   157
